 Dungeon Crawl Stone Soup version 0.27.0-1-g7a089689b8 (webtiles) character file.

Game seed: 3838903469486639232

105 Spectrina the Sneak (level 4, 0/27 HPs)
             Began as a Deep Elf Monk on Aug 2, 2021.
             Slain by a scorpion (2 damage)
             ... on level 5 of the Dungeon.
             The game lasted 00:06:15 (608 turns).

Spectrina the Sneak (Deep Elf Monk)                  Turns: 608, Time: 00:06:15

Health: 0/27       AC:  2    Str:  8    XL:     4   Next: 53%
Magic:  11/11      EV: 13    Int: 16    God:
Gold:   56         SH:  0    Dex: 17    Spells: 6/10 levels left

rFire    . . .     SeeInvis .   k - +3 long sword
rCold    . . .     Faith    .   (no shield)
rNeg     . . .     Spirit   .   b - +0 robe
rPois    .         Reflect  .   (no helmet)
rElec    .         Harm     .   (no cloak)
rCorr    .         Rampage  .   (no gloves)
Will     .....                  (no boots)
Stlth    +++.......             (no amulet)
HPRegen  0.09/turn              (no ring)
MPRegen  0.12/turn              (no ring)

@: mighty, brilliant, lethally poisoned (0 -> -8), invisible
A: no striking features
a: no special abilities


You were on level 5 of the Dungeon.
You visited 1 branch of the dungeon, and saw 7 of its levels.

You collected 56 gold pieces.

Inventory:

Hand Weapons
 a - a +0 short sword
 k - a +3 long sword (weapon)
Armour
 b - a +0 robe (worn)
Scrolls
 c - 2 scrolls of identify {unknown}
 d - a scroll of torment {unknown}
 f - 2 scrolls of blinking {unknown}
 i - a scroll of teleportation {unknown}
 j - a scroll of enchant armour {unknown}
Potions
 e - a potion of curing {unknown}


   Skills:
 - Level 2.4 Fighting
 - Level 3.0 Short Blades
 - Level 3.6 Dodging
 - Level 5.0 Stealth
 + Level 3.6 Spellcasting
 + Level 0.0 Conjurations
 + Level 0.0 Ice Magic


You had 6 spell levels left.
You knew the following spells:

 Your Spells              Type           Power      Damage    Failure   Level
a - Hailstorm             Conj/Ice       4%         3d4       87%         4

Your spell library contained the following spells:

 Spells                   Type           Power      Damage    Failure   Level
 Ice Form                 Ice/Tmut       4%         N/A       87%         4
 Simulacrum               Ice/Necr       2%         N/A       100%        6


Dungeon Overview and Level Annotations

Branches:
Dungeon (7/15)
 Temple: D:4-7

Altars:
Vehumet

Annotations:
D:4 Robin
D:5 exclusion: statue


Message History

The shadow imp hits you but does no damage.
You hit the shadow imp.
The shadow imp is severely wounded.
The shadow imp gestures at you. Pain shoots through your body!
* * * LOW HITPOINT WARNING * * *
The shadow imp shouts, "Get thee gone, thou dissembling dismal-dreaming pissant!"
The shadow imp hits you but does no damage.
You hit the shadow imp.
The shadow imp is almost dead.
The shadow imp barely misses you.
You riposte.
You slash the shadow imp!
You kill the shadow imp!
Training target 5.0 for Stealth reached!
Your Stealth skill increases to level 5!
This spell is potentially lethal to cast!
Memorise Hailstorm, consuming 4 spell levels and leaving 6?
You start memorising the spell.
You continue memorising. x4
You finish memorising.
Spell assigned to 'a'.
Adjust (i)tems, (s)pells, or (a)bilities?
Adjust which spell?
Okay, then.
Unknown command.
A scorpion comes into view.
You aren't carrying any items that you can evoke.
It was a potion of brilliance.
You feel clever all of a sudden.
Unknown command.
It was a potion of might.
You feel very mighty all of a sudden. The scorpion stings you.
* * * LOW HITPOINT WARNING * * *
You are lethally poisoned!
The scorpion poisons you! The scorpion barely misses you.
Unknown command.
It was a potion of invisibility.
You fade into invisibility!
* * * LOW HITPOINT WARNING * * *
You feel very sick. The scorpion stings you.
You die...

..# #.##..##..## .. #.#.
......### #.. ####...
........# ###..##.#...#
.......
.............##.....#
...............##...#
.###......#....#@s..#
.##.......#.....#......#
##..............#......#
...........#...........#
.....#....##........#.##
......##.###....##.## #
#....##...####### ##
#....###...#
..........##


You could see a scorpion.

Vanquished Creatures
  A scorpion (D:6)
  An iguana (D:5)
  A shadow imp (D:5)
  A white imp (D:6)
  An adder zombie (D:5)
  An orc (D:6)
  A kobold (D:2)
7 creatures vanquished.

Notes
Turn   | Place    | Note
-------+----------+-------------------------------------------
     0 | D:1      | Spectrina the Deep Elf Monk began the quest for the Orb.
     0 | D:1      | Reached XP level 1. HP: 13/13 MP: 3/3
    68 | D:4      | Noticed a hound
   106 | D:5      | Entered Level 5 of the Dungeon
   168 | D:5      | Noticed an iguana
   173 | D:5      | Reached skill level 3 in Stealth
   173 | D:5      | Noticed a scorpion
   191 | D:5      | Noticed a jelly
   223 | D:5      | Found a radiant altar of Vehumet.
   223 | D:5      | Noticed a charred statue
   264 | D:4      | Noticed Robin
   339 | D:7      | Noticed a jelly
   398 | D:6      | Reached skill level 1 in Spellcasting
   398 | D:6      | Reached XP level 2. HP: 16/18 MP: 3/5
   444 | D:6      | Noticed a scorpion
   449 | D:5      | Noticed an orc warrior
   449 | D:5      | Noticed a rust devil
   449 | D:5      | Noticed an orc warrior
   449 | D:5      | Noticed a rust devil
   456 | D:6      | Killed a scorpion
   457 | D:6      | Reached skill level 4 in Stealth
   457 | D:6      | Reached XP level 3. HP: 17/22 MP: 5/9
   457 | D:6      | Reached XP level 4. HP: 21/27 MP: 5/10
   583 | D:5      | Reached skill level 5 in Stealth
   593 | D:5      | Learned a level 4 spell: Hailstorm
   605 | D:5      | Noticed a scorpion
   608 | D:5      | Slain by a scorpion

Illustrated notes

Levels and vault maps discovered:
D:1:      shiori_arrival_elements, layout_basic,
          shapermc_ecumenical_altar_starsandcircs
D:2:      layout_rooms, serial_park_tiny_1
D:3:      layout_loops_ring
D:4:      layout_loops_ring, minmay_temple_entry_poolview,
          nicolae_elemental_shop, uniq_sigmund, uniq_robin
D:5:      cheibrodos_iron_armory, layout_cave_pools, vehumet_statue,
          corexii_item_surrounded_by_moat, minmay_between
D:6:      layout_loops_cross, zin_academy
D:7:      layout_cave_pools, grunt_temple_overflow_open

Skill      XL: |  1  2  3  4 |
---------------+-------------+-----
Stealth        | 3 4 5 |  5.0
Spellcasting   | 1 3 |  3.6
Fighting       | |  2.4
Short Blades   | |  3.0
Dodging        | |  3.6

Action                   |  1- 3 |  4- 6 || total
-------------------------+-------+-------++-------
Melee: Short sword       |    16 |       ||    16
       Unarmed           |     3 |       ||     3
       Long sword        |     4 |    12 ||    16
  Use: Potion            |     2 |     3 ||     5
 Stab: Sleeping          |     1 |     1 ||     2
Armor: Skin              |     2 |       ||     2
       Robe              |       |     2 ||     2
Dodge: Dodged            |    11 |     8 ||    19
       Rpst.: Long sword |     1 |     3 ||     4
